 Dungeon Crawl Stone Soup version 0.25-a0-731-g0472a16d6a (webtiles) character file.

Game seed: 14600369127565384803, levelgen mode: deterministic

7037 kae the Zephyrmancer (level 11, 0/59 HPs)
             Began as a Tengu Air Elementalist on Apr 8, 2020.
             Was a Priest of Vehumet.
             Hit by a large rock thrown by a cyclops (37 damage)
             ... on level 11 of the Dungeon.
             The game lasted 00:12:44 (12605 turns).

kae the Zephyrmancer (Tengu Air Elementalist)      Turns: 12605, Time: 00:12:45

Health: 0/59       AC:  6    Str:  8    XL:     11   Next: 9%
Magic:  10/22      EV: 17    Int: 22    God:    Vehumet [***...]
Gold:   739        SH:  0    Dex: 15    Spells: 9/24 levels left

rFire    . . .     SeeInvis .   r - +5 dagger (elec)
rCold    . . .     Gourm    .   (no shield)
rNeg     . . .     Faith    .   a - +1 robe
rPois    .         Spirit   .   (helmet restricted)
rElec    .         Reflect  .   (no cloak)
rCorr    .         Harm     .   (no gloves)
MR       .....                  (boots unavailable)
Stlth    ++........             (no amulet)
HPRegen  0.19/turn              e - +3 ring of intelligence
MPRegen  0.18/turn              m - +3 ring of protection

@: flying quickly and evasively, quick
A: beak, talons 3, able to fly
a: Stop Flying, Renounce Religion


You were on level 11 of the Dungeon.
You worshipped Vehumet.
Vehumet was most pleased with you.
You were hungry.

You visited 2 branches of the dungeon, and saw 12 of its levels.

You collected 739 gold pieces.

Inventory:

Hand Weapons
 r - a +5 dagger of electrocution (weapon)
Armour
 a - a +1 robe (worn)
Jewellery
 e - a +3 ring of intelligence (left hand)
 m - a +3 ring of protection (right hand)
 y - an uncursed ring of resist corrosion
 A - an uncursed amulet of harm
Wands
 k - a wand of flame (9)
 u - a wand of iceblast (22)
 z - a wand of clouds (3)
Scrolls
 d - 4 scrolls of amnesia
 j - 4 scrolls of remove curse
 q - a scroll of magic mapping
 v - a scroll of immolation
 w - a scroll of teleportation
Potions
 b - 3 potions of degeneration
 f - a potion of invisibility
 g - 2 potions of cancellation
 h - 2 potions of lignification
 i - 3 potions of haste
 n - 3 potions of stabbing
 o - a potion of ambrosia {unknown}
 p - 3 potions of heal wounds {unknown}
 s - 2 potions of curing
 t - 2 potions of mutation
 x - a potion of flight {unknown}
Comestibles
 c - 21 rations


   Skills:
 + Level 2.9 Fighting
 + Level 4.1 Dodging
 - Level 2.0 Stealth
 - Level 7.0 Spellcasting
 - Level 13.0 Conjurations
 - Level 13.1 Air Magic


You had 9 spell levels left.
You knew the following spells:

 Your Spells              Type           Power        Failure   Level  Hunger
a - Shock                 Conj/Air       ####         1%          1    None
b - Static Discharge      Conj/Air       ######..     1%          3    None
c - Airstrike             Air            ######....   1%          4    ###....
d - Swiftness             Chrm/Air       #####...     1%          2    None
e - Lightning Bolt        Conj/Air       ######....   1%          5    #####..

Your spell library contained the following spells:

 Spells                   Type           Power        Failure   Level  Hunger
 Fulminant Prism          Conj/Hex       #####.....   1%          4    ###....
 Beastly Appendage        Tmut           #.....       9%          1    None
 Sticks to Snakes         Tmut           #.......     12%         2    None
 Recall                   Summ/Tloc      N/A          24%         3    None
 Spider Form              Tmut/Pois      #.........   24%         3    None
 Animate Dead             Necr           N/A          63%         4    ###....
 Ice Form                 Ice/Tmut       #.......     63%         4    ###....
 Blade Hands              Tmut           #.........   92%         5    #####..
 Borgnjor's Vile Clutch   Necr/Erth      #.........   92%         5    #####..
 Death Channel            Necr           #.........   100%        6    ######.
 Simulacrum               Ice/Necr       #.........   100%        6    ######.


Dungeon Overview and Level Annotations

Branches:
Dungeon (11/15)            Temple (1/1) D:5            Lair (0/6) D:8
    Orc: D:9-12

Altars:
Ashenzari
Cheibriados
Dithmenos
Elyvilon
Fedhas
Gozag
Hepliaklqana
Kikubaaqudgha
Makhleb
Nemelex Xobeh
Okawaru
Qazlal
Ru
Sif Muna
Trog
Uskayaw
Vehumet
Wu Jian
Xom
Yredelemnul
Zin
The Shining One

Shops:
D:4 %   D:6 *   D:7 =   D:9 [

Annotations:
D:5 3 runed translucent doors, Amnesiac's ghost, amateur DEIE; kae's ghost, amateur DrTm
D:6 2 transporters, DOPEyDwarf's ghost, novice HOFi
D:9 2 transporters, Lovchig's ghost, novice DDFi


Innate Abilities, Weirdness & Mutations

You have a beak for a mouth.
You have claws for feet.
You can fly continuously.


Message History

The cyclops is lightly wounded.
You are feeling hungry.
The cyclops throws a large rock.
The large rock hits you!!
Casting: Airstrike (safe; 1% risk of failure)
Confirm with . or Enter, or press ? or * to list all spells.
Aiming: Airstrike (safe; 1% risk of failure)
Press: ? - help, Dir - move target cursor, f/p - cyclops
Aim: a cyclops, quivering a large rock (lightly wounded)
The air twists around and strikes the cyclops!
The cyclops is heavily wounded.
Casting: Airstrike (safe; 1% risk of failure)
Confirm with . or Enter, or press ? or * to list all spells.
Aiming: Airstrike (safe; 1% risk of failure)
Press: ? - help, Dir - move target cursor, f/p - cyclops
Aim: a cyclops, quivering a large rock (heavily wounded)
The air twists around and strikes the cyclops!
The cyclops is severely wounded.
The cyclops throws a large rock.
The large rock hits you!!!
Ouch! That really hurt!
You die...

##.#.#.. ##
..C#.#.. .#
#.....## ..#
#.)....# ...##
##.[....##....#
...............
#........... .#.
#..@..#....
....†#..........
...#...[.##....#
................
..##.....##.....
. #.....[. ...#
...##..... ...
..## #...... #
.. ####....


You could see a cyclops.

Vanquished Creatures
  2 tengu warriors (D:11)
  Psyche (D:9)
  Maggie (D:10)
  A troll (D:8)
  A hornet (D:11)
  A hungry ghost (D:7)
  A spriggan (D:7)
  2 wargs (D:8)
  A water moccasin (D:8)
  4 orc warriors
  3 ice beasts
  A phantom (D:10)
  2 sky beasts
  3 ogres
  2 centaurs
  2 big kobolds
  4 bullfrogs
  A water moccasin zombie (D:6)
  A scorpion (D:4)
  11 killer bees
  5 wights
  4 howler monkeys
  9 crimson imps
  2 bullfrog zombies
  2 quasits
  A centaur skeleton (D:5)
  3 hounds
  7 orc priests
  A bullfrog skeleton (D:10)
  An iron imp (D:8)
  2 jellies
  Jessica (D:3)
  Natasha (thrice) (D:2)
  An iguana (D:7)
  5 worker ants
  5 orc wizards
  2 hound zombies
  2 hound skeletons
  Robin (D:3)
  A howler monkey zombie (D:8)
  4 adders
  2 shadow imps
  An ooze (D:6)
  3 worms
  A dart slug (D:1)
  5 leopard geckos
  36 orcs
  4 bats
  5 giant cockroaches
  16 goblins
  7 hobgoblins
  5 jackals (D:2)
  7 quokkas
  2 frilled lizards
  13 kobolds
  2 leopard gecko skeletons (D:5)
  A quokka zombie (D:7)
  5 rats
222 creatures vanquished.

Vanquished Creatures (others)
  An orc wizard (D:10)
  A withered plant (D:5)
2 creatures vanquished.

Grand Total: 224 creatures vanquished

Notes
Turn   | Place    | Note
-------+----------+-------------------------------------------
     0 | D:1      | kae the Tengu Air Elementalist began the quest for the Orb.
     0 | D:1      | Reached XP level 1. HP: 10/10 MP: 4/4
    58 | D:1      | Reached XP level 2. HP: 8/15 MP: 0/6
   759 | D:2      | Reached XP level 3. HP: 19/19 MP: 4/7
  1846 | D:3      | Noticed Jessica
  1846 | D:3      | Noticed Natasha
  1857 | D:2      | Killed Natasha
  1857 | D:2      | Reached XP level 4. HP: 11/24 MP: 0/8
  1891 | D:2      | Noticed Natasha
  2316 | D:2      | Killed Natasha
  2671 | D:2      | Noticed Natasha
  2681 | D:2      | Killed Natasha
  2681 | D:2      | Reached skill level 5 in Air Magic
  2681 | D:2      | Gained mutation: You can fly continuously. [Tengu growth]
  2681 | D:2      | Reached XP level 5. HP: 14/28 MP: 6/10
  2866 | D:3      | Killed Jessica
  3084 | D:3      | Noticed Robin
  3228 | D:2      | Learned a level 3 spell: Static Discharge
  3233 | D:2      | Learned a level 4 spell: Airstrike
  3236 | D:2      | Learned a level 2 spell: Swiftness
  3674 | D:3      | Killed Robin
  3674 | D:3      | Reached skill level 5 in Conjurations
  3955 | D:4      | Found a shimmering altar of Xom.
  4029 | D:4      | Reached XP level 6. HP: 15/32 MP: 7/11
  4607 | D:4      | Found Qieleraq's Food Shop.
  4652 | D:5      | Entered Level 5 of the Dungeon
  4671 | D:5      | Noticed a sky beast
  4676 | D:5      | Killed a sky beast
  4676 | D:5      | Reached XP level 7. HP: 36/36 MP: 0/13
  4849 | D:5      | Found a staircase to the Ecumenical Temple.
  4869 | Temple   | Entered the Ecumenical Temple
  4965 | Temple   | Became a worshipper of Vehumet
  5165 | D:5      | Found a glowing golden altar of the Shining One.
  5653 | D:5      | Found a runed translucent gate.
  5654 | D:5      | Found a runed translucent gate.
  5655 | D:5      | Found a runed translucent gate.
  5655 | D:5      | Noticed kae's ghost (amateur DrTm)
  5655 | D:5      | Noticed Amnesiac's ghost (amateur DEIE)
  6304 | D:6      | Found Zaoh's General Store.
  6314 | D:6      | Reached XP level 8. HP: 34/41 MP: 13/15
  6386 | D:6      | Found a shattered altar of Ashenzari.
  6388 | D:6      | Found a basalt altar of Yredelemnul.
  6429 | D:6      | Found a transporter.
  6513 | D:6      | Found a bloodstained altar of Trog.
  6621 | D:6      | Found a transporter.
  6621 | D:6      | Noticed DOPEyDwarf's ghost (novice HOFi)
  6705 | D:7      | Found a glowing golden altar of the Shining One.
  7230 | D:7      | Found Idiloax's Jewellery Shop.
  7242 | D:7      | Reached skill level 5 in Spellcasting
  7251 | D:7      | Reached * piety under Vehumet
  7251 | D:7      | Offered knowledge of Foxfire by Vehumet.
  7533 | D:7      | Reached skill level 10 in Conjurations
  7762 | D:7      | Reached XP level 9. HP: 23/45 MP: 7/18
  7837 | D:7      | Found a shadowy altar of Dithmenos.
  8439 | D:7      | Found an ancient bone altar of Kikubaaqudgha.
  8451 | D:7      | Offered knowledge of Sandblast by Vehumet.
  8507 | D:7      | Reached ** piety under Vehumet
  8631 | D:8      | Found a stormy altar of Qazlal.
  8713 | D:8      | Noticed a troll
  9026 | D:7      | HP: 2/45 [poisoned by a killer bee]
  9569 | D:8      | Offered knowledge of Frozen Ramparts by Vehumet.
  9618 | D:8      | Learned a level 5 spell: Lightning Bolt
  9660 | D:8      | Reached XP level 10. HP: 50/50 MP: 12/20
  9833 | D:8      | Found a staircase to the Lair.
  9893 | D:8      | Reached skill level 10 in Air Magic
 10002 | D:8      | Found a snail-covered altar of Cheibriados.
 10088 | D:9      | Reached *** piety under Vehumet
 10580 | D:9      | Found a transporter.
 10585 | D:9      | Noticed Lovchig's ghost (novice DDFi)
 10593 | D:9      | Found a transporter.
 10777 | D:9      | Noticed Psyche
 10781 | D:9      | Killed Psyche
 11019 | D:9      | Found Nemes's Armour Boutique.
 11075 | D:10     | Entered Level 10 of the Dungeon
 11301 | D:10     | Found a white marble altar of Elyvilon.
 11426 | D:10     | Offered knowledge of Fulminant Prism by Vehumet.
 11575 | D:10     | Noticed Maggie
 11580 | D:10     | Killed Maggie
 12101 | D:11     | Noticed a tengu warrior
 12101 | D:11     | Noticed a tengu warrior
 12104 | D:11     | Killed a tengu warrior
 12360 | D:11     | Killed a tengu warrior
 12360 | D:11     | Reached XP level 11. HP: 34/58 MP: 3/22
 12401 | D:11     | Reached **** piety under Vehumet
 12494 | D:11     | Noticed a cyclops
 12605 | D:11     | Hit by a large rock thrown by a cyclops

Levels and vault maps discovered:
D:1:      mushboom_english_gardens, layout_basic, minmay_tromino_i4
D:2:      cheibrodos_old_hovel, layout_loops_corners, first_ration
D:3:      layout_rooms, minmay_stone_trees_medium, uniq_robin, uniq_jessica,
          uniq_natasha
D:4:      layout_gridville, xom_teletrap_fun, serial_shops, shop_statue
D:5:      layout_loops_ring, minmay_temple_entry_proselytizer,
          gammafunk_ghost_cemetery, nicolae_tso_carved_into_rock
D:6:      layout_rooms, lightli_temple_of_fire, grunt_temple_overflow_open,
          serial_shops, shop, gammafunk_ghost_mausoleum
D:7:      layout_rooms, chequers_temple_overflow_statue_of_worship, the_bakery,
          minmay_shop_enchanted_jewellery, minivault_1, grunt_dithmenos_smoke
D:8:      layout_rooms, erik_lair_orcish_takeover, basic_altar,
          chei_slow_surprise
D:9:      layout_loops_corners, serial_shops, shop_coins, gammafunk_ghost_arena,
          uniq_psyche
D:10:     layout_cave_pools, elyvilon_altar_4, uniq_maggie
D:11:     layout_rooms, serial_shops, nicolae_shop_waterfront, shop,
          shop_statue, shop, shop, nicolae_ashenzari_panopticon, uniq_maurice
Temple:   lightli_temple_of_artemis

Skill      XL: |  1  2  3  4  5  6  7  8  9 10 11 |
---------------+----------------------------------+-----
Conjurations   | 2 3 4 5 6 8 10 12 13 | 13.0
Air Magic      | 5 6 7 8 9 13 | 13.1
Spellcasting   | 3 4 5 6 7 |  7.0
Fighting       | 2 |  2.9
Dodging        | 3 4 |  4.1
Stealth        | |  2.0

Action                   |  1- 3 |  4- 6 |  7- 9 | 10-12 || total
-------------------------+-------+-------+-------+-------++-------
Melee: Unarmed           |    37 |     2 |       |       ||    39
       Kick              |     9 |     3 |    12 |     3 ||    27
       Peck              |     6 |     3 |     8 |     1 ||    18
       Dagger            |       |    12 |    76 |    40 ||   128
 Cast: Shock             |    54 |    60 |   156 |    43 ||   313
       Static Discharge  |       |     7 |    30 |     6 ||    43
       Airstrike         |       |     1 |    30 |    59 ||    90
 Abil: Fly               |       |     1 |       |       ||     1
  Use: Scroll            |     3 |    11 |     5 |     5 ||    24
       Potion            |       |       |     5 |     1 ||     6
 Stab: Sleeping          |       |     1 |       |     2 ||     3
  Eat: Chunk             |     3 |     6 |    20 |    14 ||    43
       Ration            |       |     1 |       |       ||     1
Armor: Robe              |     9 |     7 |    22 |     7 ||    45
Dodge: Dodged            |    51 |    36 |   141 |    31 ||   259

Table legend:
 A = Non-vault XP
 B = Vault XP
 C = Vault XP percentage of total XP
 D = Non-vault monster count
 E = Vault monster count
 F = Vault count percentage of total count
                 A         B        C        D         E       F
            +---------+---------+-------+---------+---------+-------
      Total |    8206 |    1848 |  18.4 |     191 |      32 |  14.3
            +---------+---------+-------+---------+---------+-------
        D:1 |      29 |       3 |   9.4 |      15 |       2 |  11.8
        D:2 |     106 |      50 |  32.1 |      13 |       8 |  38.1
        D:3 |      14 |      64 |  82.1 |       6 |       8 |  57.1
        D:4 |     202 |       0 |   0.0 |      13 |       0 |   0.0
        D:5 |     447 |      41 |   8.4 |      14 |       1 |   6.7
        D:6 |     703 |       0 |   0.0 |      18 |       0 |   0.0
        D:7 |    1648 |     196 |  10.6 |      43 |       1 |   2.3
        D:8 |    1408 |     685 |  32.7 |      26 |      10 |  27.8
        D:9 |     570 |     424 |  42.7 |      10 |       1 |   9.1
       D:10 |     889 |     385 |  30.2 |      24 |       1 |   4.0
       D:11 |    2190 |       0 |   0.0 |       9 |       0 |   0.0
            +---------+---------+-------+---------+---------+-------
